Croesus, chaotic male elven Ranger ----- |...| ------ |...| ----- |....| ------ #.....# |...| |...<| |...(| -------------- ###|...|# |...-##### |....| |....| +............| # |>..|# |...| # |....| |....| |.............## |...|####....| ###|....| |....| |............| -----# |...| #-....-# ---|-- |.............#h###r@### |...| ------# # -------------- # ---.- # ### # ## # % # # ### ### # # # --|------- # # ###|........| ###---.- #.........| #.*.)-###################|........| |..^| ---------- ----- Croesus the Lookout Experience level: 4 Strength: 13 Dexterity: 13 Constitution: 14 Intelligence: 14 Wisdom: 13 Charisma: 8 Health: 0(26) Energy: 30(30) Def: 10 Gold: 594 Moves: 2179 Dungeon seed: wRME9En5UipFAeEo Game ID: Croesus_1562433468 Your Inventory: Weapons a - 27 uncursed +0 elven arrows (in quiver) c - 57 uncursed +2 elven arrows d - an uncursed +1 elven dagger (weapon in hand) e - an uncursed +1 elven bow (alternate weapon; not wielded) k - an uncursed +0 orcish dagger A - 10 uncursed +0 silver arrows F - 42 uncursed +0 darts H - an uncursed +0 elven dagger Armor b - an uncursed +2 elven cloak (being worn) n - an uncursed +0 orcish helm (being worn) r - an uncursed +0 pair of elven boots (being worn) y - an uncursed +0 elven mithril-coat (being worn) Comestibles f - 4 uncursed lembas wafers l - an uncursed tripe ration L - 2 uncursed lichen corpses M - 2 uncursed eggs Scrolls m - a blessed scroll of confuse monster p - an uncursed scroll of identify s - an uncursed scroll of amnesia C - an uncursed scroll of confuse monster Potions g - an uncursed potion of restore ability i - an uncursed potion of gain energy D - an uncursed potion of invisibility E - an uncursed potion of paralysis Rings o - an uncursed ring of polymorph control (on left hand) Wands K - an uncursed wand of polymorph (0:5) Tools w - an uncursed tin whistle x - an uncursed +0 pick-axe Gems q - an uncursed worthless piece of violet glass z - an uncursed worthless piece of green glass Coins $ - 594 gold pieces Spells and supernatural/magical abilities: Name Level Category Cost Memory W - pray for help -- divine ? -- Your skills at the end: Fighting Skills wands [Basic] Weapon Skills dagger [Basic] bow [Basic] Spellcasting Skills Final Attributes: You were piously aligned. You were immune to sleep. You saw invisible. You had automatic searching. You had infravision. You were stealthy. You had polymorph control. Mars was noncommittal. You are dead. Vanquished creatures: a little dog a werejackal 2 iguanas a hobbit 6 giant rats a red mold a gnome zombie 3 geckos a jackal a kobold 4 goblins 4 sewer rats 5 grid bugs 8 lichens 2 kobold zombies 10 newts 51 creatures vanquished. Voluntary challenges: You used a wielded weapon 52 times, starting on turn 200. You were illiterate. You never genocided any monsters. You never polymorphed an object. You never changed form. You used no wishes. You never split a pudding. You never wrote Elbereth's name. You never violated your personal moral code. Dungeon overview: The Dungeons of Doom: levels 1 to 5 Level 1 an altar to Mars a long staircase Level 2 stairs to The Gnomish Mines Level 3 a vault Level 4 a vault Level 5 <- You were here The Gnomish Mines: Level 3 stairs to The Dungeons of Doom History has recorded: On T:1 you entered the Dungeons of Doom to retrieve the Amulet of Yendor! On T:581 you reached level 2 of The Dungeons of Doom. On T:638 you reached level 3 of The Dungeons of Doom. On T:885 you reached level 1 of The Gnomish Mines. On T:1127 you advanced to experience level 2. On T:1359 you advanced to experience level 3. On T:1562 you reached level 4 of The Dungeons of Doom. On T:1919 you reached level 5 of The Dungeons of Doom. On T:2043 you advanced to experience level 4. Score breakdown: Gold: 594 ( 9437 points) Experience: 4 levels ( 9649 points) Exploration: 5 levels ( 10.20%) ( 8660 points) Discoveries: 2 items ( 0.68%) ( 2470 points) Valuables value: (no points given unless you survive) Artifact value: 0 ( 0 points) Variety of kills: 16 monsters ( 4.21%) ( 6155 points) Turncount: 2179 turns ( -127 points) Survival: died (score multiplied by 80%) Total score: 28995 Latest messages: You stop exploring. The giant rat misses. You hit the giant rat. The giant rat misses. You miss the giant rat. The giant rat misses. You hear a door open. You kill the giant rat! You stop exploring. The rabid rat misses. You miss the rabid rat. The rabid rat bites! You hit the rabid rat. The rabid rat misses. You miss the rabid rat. The rabid rat misses. You miss the rabid rat. The rabid rat bites! You miss the rabid rat. The rabid rat bites! You hit the rabid rat. The rabid rat misses. You hit the rabid rat. The rabid rat bites! The rabid rat's bite was poisoned! You die... Final status: Goodbye Croesus the Ranger, poisoned by a rabid rat... You died in The Dungeons of Doom on dungeon level 5 with 28995 points, and 594 pieces of gold, after 2179 moves. You were level 4 with a maximum of 26 hit points when you died.